 Dungeon Crawl Stone Soup version 0.32-a0-721-g4b9ed32 (webtiles) character file.

Game seed: 1051080251314787126

648 PidgeyThePirate the Shooter (level 7, -6/51 HPs)
             Began as a Coglin Hunter on Mar 16, 2024.
             Killed from afar by a white imp (7 damage)
             ... with a puff of frost
             ... on level 5 of the Dungeon.
             The game lasted 00:06:31 (3259 turns).

PidgeyThePirate the Shooter (Coglin Hunter)         Turns: 3259, Time: 00:06:33

Health: -6/51      AC:  4    Str: 14    XL:     7   Next: 53%
Magic:  7/7        EV: 11    Int:  8    God:
Gold:   203        SH:  0    Dex: 17    Spells: 6/6 levels left

rFire   . . .        a - +2 sling {Nkonkoni}
rCold   . . .        d - +0 sling {Salvador}
rNeg    . . .        c - +0 leather armour
rPois   .            (no helmet)
rElec   .            p - +0 cloak
rCorr   .            (no gloves)
SInv    .            (no boots)
Will    .....        (amulet unavailable)
Stlth   ++           (ring unavailable)
HPRegen 0.28/turn    (ring unavailable)
MPRegen 0.10/turn    (no gizmo)

%: no passive effects
@: revved
A: off-hand wielding, slow wielding, warmup strikes, no jewellery
a: Invent Gizmo


You were on level 5 of the Dungeon.
You visited 2 branches of the dungeon, and saw 6 of its levels.

You collected 203 gold pieces.

Inventory:

Hand Weapons
 a - a +2 sling (weapon) {Nkonkoni}
 d - a +0 sling (offhand) {Salvador}
Armour
 c - a +0 leather armour (worn)
 p - a +0 cloak (worn)
Scrolls
 b - a scroll of butterflies
 e - 7 scrolls of identify {unknown}
 f - a scroll of fog {unknown}
 h - 4 scrolls of teleportation {unknown}
 i - 3 scrolls of poison {unknown}
 l - a scroll of fear {unknown}
 m - 3 scrolls of revelation {unknown}
 n - a scroll of immolation {unknown}
 o - a scroll of enchant weapon {unknown}
Potions
 g - 4 potions of curing {unknown}
 j - a potion of might {unknown}
 k - a potion of lignification {unknown}


   Skills:
 + Level 2.8 Fighting
 * Level 7.7 Ranged Weapons
 + Level 1.4 Armour
 + Level 1.8 Dodging
 - Level 0.7 Stealth


You had 6 spell levels left.
You didn't know any spells.
Your spell library contained the following spells:

 Spells                   Type           Power      Damage    Failure   Level
 Apportation              Tloc           0%         N/A       47%         1
 Foxfire                  Conj/Fire      0%         2x1d4     47%         1
 Necrotise                Necr           0%         1d4       47%         1
 Sting                    Conj/Alch      0%         1d3       47%         1
 Summon Small Mammal      Summ           0%         N/A       47%         1
 Frozen Ramparts          Ice            0%         1d1       85%         3
 Gell's Gravitas          Tloc           0%         N/A       85%         3
 Inner Flame              Hex/Fire       0%         N/A       85%         3
 Ozocubu's Armour         Ice            0%         N/A       85%         3
 Flame Wave               Conj/Fire      0%         2d4       99%         4
 Sticky Flame             Fire/Alch      0%         2d4       99%         4
 Metabolic Englaciation   Hex/Ice        0%         N/A       100%        5
 Malign Gateway           Summ/Tloc      0%         N/A       100%        7
 Summon Horrible Things   Summ           0%         N/A       100%        8


Dungeon Overview and Level Annotations

Branches:
Dungeon (5/15)             Temple (1/1) D:4

Altars:
Cheibriados
Elyvilon
Fedhas
Gozag
Hepliaklqana
Kikubaaqudgha
Makhleb
Nemelex Xobeh
Sif Muna
Trog
Uskayaw
Vehumet
Wu Jian
Xom
Yredelemnul
The Shining One

Shops:
D:1 =   D:3 [


Innate Abilities, Weirdness & Mutations

You can wield a second weapon in your off-hand.
It takes a long time for you to wield or remove held weapons.
Your first few attacks do less damage.
You cannot equip rings or amulets.


Message History

The sling bullet hits the orc priest but does no damage.
The orc priest is heavily wounded.
You shoot a sling bullet.
The sling bullet closely misses the orc priest.
The orc priest shouts, "Beogh offers mercy even to people such as you.
Join us and be reborn!"
The orc priest hits you with a +4 whip!
* * * LOW HITPOINT WARNING * * *
The orc closely misses you.
Fire: a) +2 sling {Nkonkoni}
Press: ? - help, Q - select action Shift-Dir - straight line, f/p - orc priest
Aim: an orc priest, wielding a +4 whip and wearing a +0 leather armour (heavily wounded, 64% to hit)
You shoot a sling bullet.
The sling bullet hits the orc priest but does no damage.
The orc priest is heavily wounded.
You shoot a sling bullet. The sling bullet hits the orc priest!
You kill the orc priest!
The orc hits you with a +0 hand axe.
* * * LOW HITPOINT WARNING * * *
Your Armour skill increases to level 1!
Fire: a) +2 sling {Nkonkoni}
Press: ? - help, Q - select action Shift-Dir - straight line, f - white imp
Aim: a white imp (64% to hit)
You shoot a sling bullet.
The sling bullet barely misses the white imp.
You shoot a sling bullet.
The sling bullet barely misses the white imp.
The orc closely misses you.
Fire: a) +2 sling {Nkonkoni}
Press: ? - help, Q - select action Shift-Dir - straight line, f/p - white imp
Aim: a white imp (64% to hit)
You shoot a sling bullet. The sling bullet hits the white imp.
The white imp is heavily wounded.
You shoot a sling bullet.
The sling bullet completely misses the white imp.
The orc hits you with a +0 hand axe.
* * * LOW HITPOINT WARNING * * *
The white imp gestures at you. The puff of frost hits you!
You die...

#..# ##.# #.####
########....########
.........(..........
############.#######
####.### #......#
#...@..+ #..o5..#
#......# #.....)#
#....... #........
#...!.....
#..........


You could see a white imp and an orc.

Vanquished Creatures
  Grinder (D:3)
  2 scorpions
  3 orc priests
  A bombardier beetle (D:4)
  A hound (D:5)
  An iguana (D:5)
  A sleepcap (D:4)
  A gnoll (D:1)
  An adder (D:4)
  3 dart slugs
  2 ribbon worms
  6 orcs
  10 bats
  8 endoplasms
  7 giant cockroaches
  8 goblins
  9 hobgoblins
  7 jackals (D:1)
  A quokka (D:1)
  8 ball pythons
  4 frilled lizards
  7 kobolds
  7 rats
99 creatures vanquished.

Notes
Turn   | Place    | Note
-------+----------+-------------------------------------------
     0 | D:1      | PidgeyThePirate the Coglin Hunter began the quest for the
                  | Orb.
     0 | D:1      | Reached XP level 1. HP: 16/16 MP: 1/1
    29 | D:1      | Reached skill level 4 in Ranged Weapons
    29 | D:1      | Reached XP level 2. HP: 17/22 MP: 2/2
   183 | D:1      | Reached XP level 3. HP: 27/27 MP: 3/3
   679 | D:1      | Found Tun Voff's Jewellery Shoppe.
   852 | D:2      | Reached XP level 4. HP: 33/33 MP: 4/4
   891 | D:2      | Reached skill level 5 in Ranged Weapons
  1303 | D:2      | You fall into a shaft and drop 1 floor!
  1333 | D:2      | Found a white marble altar of Elyvilon.
  1804 | D:3      | Found an ancient bone altar of Kikubaaqudgha.
  1863 | D:3      | Found Ruogg's Armour Boutique.
  2113 | D:3      | Noticed Grinder
  2126 | D:3      | Paralysed by Grinder for 4 turns
  2132 | D:3      | Killed Grinder
  2133 | D:3      | Reached skill level 6 in Ranged Weapons
  2133 | D:3      | Reached XP level 5. HP: 12/39 MP: 5/5
  2133 | D:3      | Reached XP level 6. HP: 15/46 MP: 6/6
  2638 | D:4      | Reached skill level 7 in Ranged Weapons
  2638 | D:4      | Reached XP level 7. HP: 39/51 MP: 7/7
  2801 | D:4      | Found a staircase to the Ecumenical Temple.
  2819 | D:4      | Got the Atlas of Relocated Conflagration
  2824 | Temple   | Entered the Ecumenical Temple
  3085 | D:5      | Entered Level 5 of the Dungeon
  3258 | D:5      | Reached skill level 1 in Armour
  3259 | D:5      | HP: 1/51 [orc/+0 hand axe (5)]
  3259 | D:5      | Killed from afar by a white imp

Illustrated notes

Levels and vault maps discovered:
D:1:      evilmike_arrival_hilbert_curve, layout_basic, serial_shops,
          nicolae_shop_real_fake_doors, nicolae_grassy_gnolls
D:2:      layout_loops_corners, basic_altar, minmay_domino_2
D:3:      layout_loops_ring, mainiacjoe_overflow_six_doors_small, serial_shops,
          shop, chequers_serial_rivers_micro_c, grunt_decor_arrowhead,
          uniq_grinder
D:4:      layout_rooms, minmay_temple_entry_offerings,
          serial_library_hellmonk_angled_corner
D:5:      layout_basic
Temple:   eino_narrow_crystal_temple

Skill      XL: |  1  2  3  4  5  6  7 |
---------------+----------------------+-----
Ranged Weapons | 4 6 7 |  7.7
Armour         | 1 |  1.4
Fighting       | |  2.8
Dodging        | |  1.8
Stealth        | |  0.7

Action                     |  1- 3 |  4- 6 |  7- 9 || total
---------------------------+-------+-------+-------++-------
   Fire: Sling             |   148 |   214 |   110 ||   472
 Armour: Leather armour    |    17 |    10 |    12 ||    39
  Dodge: Dodged            |    16 |    10 |    16 ||    42

Table legend: (Time is in decaauts)
 A = Elapsed time spent in this place.
 B = Non-inter-level travel time spent in this place.
 C = Inter-level travel time spent in this place.
 D = Time resting spent in this place.
 E = Time spent auto-exploring this place.
 F = Levels seen in this place.
 G = Mean time per level.
                   A        B        C        D        E       F      G
               +--------+--------+--------+--------+--------+-----+--------+
         Total |   3295 |   3095 |    200 |      0 |   2604 |   6 |  549.2 |
       Dungeon |   3244 |   3094 |    150 |      0 |   2604 |   5 |  648.8 |
        Temple |     51 |      1 |     50 |      0 |      0 |   1 |   51.0 |
               +--------+--------+--------+--------+--------+-----+--------+

Top non-repeatable levels by time:
     D:2: 873 daAuts
     D:1: 853 daAuts
     D:3: 721 daAuts
     D:4: 619 daAuts
     D:5: 175 daAuts
  Temple: 51 daAuts
